 Dungeon Crawl Stone Soup version 0.29.1-12-g30fa7ad0bf (webtiles) character file.

Game seed: 8716631785164542377

115122 funkygono the Eclecticist (level 16, -7/100 HPs)
             Began as a Demonspawn Fire Elementalist on Dec 31, 2022.
             Was a High Priest of Vehumet.
             Killed from afar by Jorgrun (23 damage)
             ... with an iron shot
             ... on level 1 of the Snake Pit.
             The game lasted 01:09:18 (25482 turns).

funkygono the Eclecticist (DsFE)                   Turns: 25482, Time: 01:09:18

Health: -7/100     AC: 21    Str: 10      XL:     16   Next: 17%
Magic:  0/37       EV: 15    Int: 20 (23) God:    Vehumet [*****.]
Gold:   2652       SH:  0    Dex: 18      Spells: 23/49 levels left

rFire   + . .      SeeInvis +   f - staff of fire
rCold   . . .      Faith    .   (no shield)
rNeg    + . .      Spirit   +   o - +2 steam dragon scales
rPois   .          Reflect  .   G - +2 helmet {SInv}
rElec   .          Harm     .   I - +2 cloak
rCorr   .          Rampage  .   (no gloves)
Will    +....                   d - +2 pair of boots of Refuge {+Blink Dex+4}
Stlth   ++........              e - amulet of magic regeneration
HPRegen 0.26/turn               c - +4 ring of protection
MPRegen 0.90/turn               z - ring of positive energy

@: grasped by roots, constricted, repel missiles
A: repulsion field 3, powered by pain 1, magic shield, magic regeneration,
demonic touch 2
a: Renounce Religion, Evoke Blink


You were on level 1 of the Snake Pit.
You worshipped Vehumet.
Vehumet was extremely pleased with you.
You visited 5 branches of the dungeon, and saw 24 of its levels.

You collected 3084 gold pieces.
You spent 432 gold pieces at shops.

Inventory:

Hand Weapons
 a - the +8 mace "Gidief" {vorpal, *Rage rPois Will- Dex+8}
   (You found it on level 1 of the Lair of Beasts)

   It inflicts extra damage upon your enemies.
   Dex:       It affects your dexterity (+8).
   rPois:     It protects you from poison.
   *Rage:     It berserks you when you make melee attacks (+20% chance).
   Will:      It decreases your willpower.
 m - a +2 vorpal falchion
 x - the +10 sling of Might {speed, rCorr Dex+2 Stlth+}
   (You took it off a human on level 13 of the Dungeon)

   Attacks with this weapon are significantly faster.
   Dex:       It affects your dexterity (+2).
   rCorr:     It protects you from acid and corrosion.
   Stlth:     It makes you more stealthy.
 L - a +4 scimitar of flaming
 S - a +2 dire flail of protection
Armour
 d - the +2 pair of boots of Refuge (worn) {+Blink Dex+4}
   (You acquired it on level 5 of the Dungeon)

   Dex:       It affects your dexterity (+4).
   +Blink:    It lets you blink.
 o - +2 steam dragon scales (worn)
 q - the +1 leather armour "Damnable Contraption" {Will+ Int+4}
   (You found it on level 2 of the Dungeon)

   Int:       It affects your intelligence (+4).
   Will:      It increases your willpower.
 G - a +2 helmet of see invisible (worn)
 I - a +2 cloak (worn)
Magical Staves
 f - a staff of fire (weapon)
Jewellery
 c - a +4 ring of protection (left hand)
 e - an amulet of magic regeneration (around neck)
 v - an amulet of regeneration
 w - a +6 ring of strength
 y - a ring of wizardry
 z - a ring of positive energy (right hand)
 D - a ring of resist corrosion
 O - a ring of wizardry
 Q - an amulet of the acrobat
 T - the ring "Remupl Worue" {Ice Drain rElec rN+++ Dex-2}
   (You found it on level 5 of the Lair of Beasts)

   [ring of ice]

   It enhances your ice magic.
   Dex:       It affects your dexterity (-2).
   rF:        It makes you vulnerable to fire.
   rC:        It protects you from cold.
   rElec:     It insulates you from electricity.
   rN:        It renders you almost immune to negative energy.
   Drain:     It drains your maximum health when unequipped.
Wands
 C - a wand of paralysis (27)
 F - a wand of flame (64)
 H - a wand of light (15)
 M - a wand of digging (14)
 N - a wand of roots (5)
Scrolls
 g - 3 scrolls of magic mapping
 h - 2 scrolls of fear
 i - 11 scrolls of teleportation
 j - 3 scrolls of amnesia
 p - 5 scrolls of fog
 u - a scroll of silence
 A - 2 scrolls of brand weapon
 J - 8 scrolls of identify
 P - a scroll of enchant weapon
 R - 3 scrolls of blinking
Potions
 b - a potion of might
 k - 7 potions of curing
 l - 6 potions of resistance
 n - 2 potions of ambrosia
 r - 3 potions of heal wounds
 s - 8 potions of flight
 t - 3 potions of cancellation
 B - 2 potions of brilliance
 E - a potion of invisibility
 K - 2 potions of mutation


   Skills:
 + Level 1.7 Fighting
 + Level 0.5 Staves
 + Level 4.2 Armour
 + Level 4.4 Dodging
 - Level 1.7 Stealth
 + Level 17.3 Spellcasting
 + Level 8.8 Conjurations
 + Level 5.5 Transmutations
 + Level 13.8 Fire Magic
 * Level 5.0 Earth Magic
 + Level 11.6 Poison Magic


You had 23 spell levels left.
You knew the following spells:

 Your Spells              Type           Power      Damage    Failure   Level
a - Foxfire               Conj/Fire      100%       2x1d9     1%          1
b - Scorch                Fire           100%       2d10      0%          2
c - Conjure Flame         Conj/Fire      76%        6-21      1%          3
d - Flame Wave            Conj/Fire      76%        2d17      1%          4
e - Shock                 Conj/Air       100%       1d9       1%          1
f - Olgreb's Toxic Radia  Pois           59%        N/A       1%          4
g - Ignite Poison         Fire/Tmut/Pois 73%        N/A       1%          3
h - Stone Arrow           Conj/Erth      90%        3d12      1%          3
i - Fireball              Conj/Fire      38%        3d16      1%          5

Your spell library contained the following spells:

 Spells                   Type           Power      Damage    Failure   Level
 Poisonous Vapours        Pois/Air       80%        N/A       1%          2
 Static Discharge         Conj/Air       34%        3-8/arc   1%          2
 Inner Flame              Hex/Fire       61%        N/A       1%          3
 Mephitic Cloud           Conj/Pois/Air  44%        N/A       1%          3
 Spider Form              Tmut/Pois      51%        N/A       1%          3
 Irradiate                Conj/Tmut      22%        3d19      1%          5
 Summon Small Mammal      Summ           68%        N/A       3%          1
 Petrify                  Tmut/Erth      38%        N/A       3%          4
 Lee's Rapid Deconstruct  Erth           18%        3d12*     3%          5
 Blink                    Tloc           34%        N/A       4%          2
 Ensorcelled Hibernation  Hex/Ice        34%        N/A       4%          2
 Sublimation of Blood     Necr           17%        N/A       4%          2
 Lightning Bolt           Conj/Air       17%        1d31      4%          5
 Corpse Rot               Necr/Pois/Air  32%        N/A       7%          4
 Freezing Cloud           Conj/Ice/Air   14%        6-21      7%          5
 Call Canine Familiar     Summ           17%        N/A       10%         3
 Gell's Gravitas          Tloc           17%        N/A       10%         3
 Summon Guardian Golem    Hex/Summ       17%        N/A       10%         3
 Teleport Other           Tloc           17%        N/A       10%         3
 Blade Hands              Tmut           19%        N/A       10%         5
 Animate Armour           Summ/Erth      54%        N/A       12%         4
 Leda's Liquefaction      Hex/Erth       13%        N/A       12%         4
 Ignition                 Fire           41%        3d12      19%         8
 Anguish                  Hex/Necr       8%         N/A       32%         4
 Statue Form              Tmut/Erth      25%        N/A       50%         6
 Manifold Assault         Tloc           17%        N/A       67%         5
 Summon Forest            Summ/Tloc      8%         N/A       67%         5
 Summon Mana Viper        Hex/Summ       17%        N/A       67%         5
 Lehudib's Crystal Spear  Conj/Erth      22%        10d6      95%         8
 Dragon Form              Tmut           19%        N/A       96%         7
 Dispersal                Tloc           8%         N/A       99%         6
 Summon Cactus Giant      Summ           8%         N/A       99%         6
 Ozocubu's Refrigeration  Ice            8%         4d9       99%         7
 Malign Gateway           Summ/Tloc      8%         N/A       100%        7
 Storm Form               Tmut/Air       14%        N/A       100%        7
 Maxwell's Capacitive Co  Air            8%         ∞         100%        8
 Summon Horrible Things   Summ           8%         N/A       100%        8


Dungeon Overview and Level Annotations

Branches:
Dungeon (15/15)            Temple (1/1) D:5            Lair (5/5) D:10
 Shoals (0/4) Lair:3        Snake (1/4) Lair:3        Slime (0/5) Lair:4
    Orc (2/2) D:9             Elf (0/3) Orc:2        Vaults (0/5) D:13
 Depths (0/4) D:15

Altars:
Ashenzari
Cheibriados
Dithmenos
Fedhas
Gozag
Hepliaklqana
Kikubaaqudgha
Makhleb
Nemelex Xobeh
Okawaru
Qazlal
Ru
Sif Muna
Trog
Uskayaw
Vehumet
Wu Jian
Xom
Yredelemnul

Shops:
D:7 (   Orc:2 [:(=

Annotations:
Lair:4 4 runed translucent doors, gargbit's ghost, journeyman OpAE
Snake:1 Jorgrun
Orc:1 1 runed translucent door, exclusion: 4 orange crystal statues


Innate Abilities, Weirdness & Mutations

You are surrounded by a strong repulsion field. (EV +4, RMsl)
You sometimes gain a little power by taking damage.
When hurt, damage is shared between your health and your magic reserves.
You regenerate magic rapidly.
Your touch may inflict irresistible damage on your foes.


Message History

Casting: Ignite Poison (safe; 1% risk of failure)
Confirm with . or Enter, or press ? or * to list all spells.
Casting: Flame Wave (safe; 1% risk of failure)
Press: ? - help, Dir - look around, f - activate You feel a surge of power!
A wave of flame ripples out!
The flame wave engulfs Jorgrun!
Jorgrun is severely wounded.
The flame wave engulfs the black mamba.
The black mamba is lightly wounded. (Press . to intensify the flame waves.)
You hear a shout! x3
The black mamba misses you.
Jorgrun hits you with a +0 vorpal quarterstaff.
The grasping roots constrict you!
* * * LOW HITPOINT WARNING * * *
The black mamba bites you but does no damage.
A wave of flame ripples out!
The flame wave engulfs Jorgrun!
Jorgrun is severely wounded.
The flame wave engulfs the black mamba!
The black mamba is heavily wounded.
The flame wave engulfs the salamander.
The salamander completely resists.
You hear an angry hiss. x2
The black mamba closely misses you.
Jorgrun hits you with a +0 vorpal quarterstaff!
* * * LOW HITPOINT WARNING * * *
x2 The grasping roots constrict you!
* * * LOW HITPOINT WARNING * * *
A wave of flame ripples out!
The flame wave engulfs Jorgrun!
Jorgrun is almost dead.
The flame wave engulfs the black mamba!
You kill the black mamba!
Vehumet accepts your kill.
The flame wave engulfs the salamander.
The salamander completely resists.
The flame wave engulfs the naga!
The naga is heavily wounded.
The salamander barely misses you.
A naga comes into view. It is wielding a +0 trident.
Jorgrun casts a spell at you. The iron shot hits you!!
You die...

. N. .# .
.# ..
####..#
...
#..NN.#
#.. ##@g#
#...##...#
#........#
##++#.'###
#.......#
#
#.......#
###
#.......#
#..
#.......#
#..
+.......#
#..


You could see Jorgrun, a salamander and 2 nagas.

Vanquished Creatures
  Gastronok (D:11)
  Kirke (Lair:3)
  Nessos (D:13)
  Josephine (D:13)
  Harold (D:13)
  5 hydras
  An ogre mage (D:15)
  Erolcha (D:9)
  3 boulder beetles
  3 catoblepae (Lair:5)
  5 centaur warriors
  An anaconda (Snake:1)
  9 two-headed ogres
  Erica (D:9)
  26 death yaks
  A vampire mage (D:15)
  3 orc high priests (Orc:2)
  3 naga sharpshooters (Snake:1)
  Urug (D:13)
  Sonja (D:13)
  14 skeletal warriors
  2 lindwurms
  The ghost of diceflayer the Fighter, a novice DsHu (D:7)
  A necromancer (D:15)
  5 orc knights
  A deep elf pyromancer (D:13)
  7 ugly things
  A wolf spider zombie (D:15)
  2 manticores (Lair:5)
  A fire giant zombie (D:15)
  4 orc sorcerers
  4 cyclopes
  A sphinx skeleton (D:15)
  Maurice (D:9)
  A fire giant skeleton (D:15)
  26 elephants
  10 centaur zombies (D:15)
  12 black mambas
  2 torpor snails
  13 cane toads
  5 unseen horrors
  2 gargoyles
  3 rime drakes
  7 komodo dragons
  9 trolls
  A hornet (D:8)
  3 polar bears
  21 blink frogs
  2 dream sheep (Lair:3)
  3 centaur simulacra
  2 vampires
  2 shadows
  An ettin skeleton (D:15)
  6 wraiths
  A wyvern (Lair:4)
  7 hogs (Lair:3)
  45 yaks
  16 humans (D:13)
  3 basilisks
  6 vampire mosquitoes
  A steam dragon (D:8)
  An acid dragon (D:12)
  2 nagas (Snake:1)
  2 wargs
  14 water moccasins
  4 sky beasts
  A hornet zombie (D:15)
  19 orc warriors
  A sky beast (shapeshifter) (D:14)
  3 black bears
  6 ogres
  An ice beast (D:7)
  5 wolves (Lair:3)
  8 centaurs
  2 phantoms
  2 kobold brigands
  10 bullfrogs
  A necrophage (D:4)
  2 gnoll sergeants (D:9)
  3 scorpions
  9 wights
  7 killer bees
  6 howler monkeys (D:9)
  3 electric eels
  5 jellies
  8 orc priests
  2 iguanas
  Terence (D:2)
  3 boggart zombies (D:15)
  15 orc wizards
  8 gnolls (D:9)
  5 adders
  4 white imps
  2 ufetubi
  2 dart slugs (D:1)
  63 orcs
  6 endoplasms
  3 giant cockroaches
  5 hobgoblins
  9 quokkas
  6 ball pythons
  A bat (D:2)
  A frilled lizard (D:1)
  7 goblins
  16 kobolds
  4 rats
  50 bushes
662 creatures vanquished.

Vanquished Creatures (collateral kills)
  12 foxfires
12 creatures vanquished.

Vanquished Creatures (others)
  1213 foxfires
  17 fungi
  86 plants
  4 withered plants (D:15)
1320 creatures vanquished.

Grand Total: 1994 creatures vanquished

Notes
Turn   | Place    | Note
-------+----------+-------------------------------------------
     0 | D:1      | funkygono the Demonspawn Fire Elementalist began the quest
                  | for the Orb.
     0 | D:1      | Reached XP level 1. HP: 13/13 MP: 3/3
   483 | D:1      | Gained mutation: You are surrounded by a mild repulsion
                  | field. (EV +2) [demonic ancestry]
   483 | D:1      | Reached XP level 2. HP: 19/19 MP: 3/5
   599 | D:1      | Learned a level 2 spell: Scorch
  1132 | D:2      | You fall into a shaft and drop 1 floor!
  1204 | D:2      | Reached XP level 3. HP: 24/24 MP: 4/6
  1210 | D:2      | Learned a level 3 spell: Conjure Flame
  1300 | D:2      | Noticed Terence
  1305 | D:2      | Killed Terence
  1416 | D:2      | Gained mutation: You regenerate magic rapidly. [demonic
                  | ancestry]
  1416 | D:2      | Reached XP level 4. HP: 30/30 MP: 7/7
  1596 | D:2      | Identified the +1 leather armour "Damnable Contraption"
                  | {Will+ Int+4}
  2604 | D:4      | Noticed a phantom
  2608 | D:4      | Killed a phantom
  2609 | D:4      | Reached skill level 3 in Spellcasting
  2609 | D:4      | Gained mutation: You are surrounded by a moderate repulsion
                  | field. (EV +3) [demonic ancestry]
  2609 | D:4      | Reached XP level 5. HP: 30/35 MP: 4/9
  2676 | D:4      | Learned a level 4 spell: Flame Wave
  2780 | D:4      | Gained mutation: You sometimes gain a little power by
                  | taking damage. [demonic ancestry]
  2780 | D:4      | Reached XP level 6. HP: 41/41 MP: 7/11
  3402 | D:5      | Entered Level 5 of the Dungeon
  3531 | D:5      | Found a staircase to the Ecumenical Temple.
  3546 | Temple   | Entered the Ecumenical Temple
  3550 | Temple   | Became a worshipper of Vehumet
  3732 | D:5      | Reached skill level 1 in Armour
  3732 | D:5      | Reached skill level 4 in Spellcasting
  3737 | D:5      | Reached skill level 5 in Fire Magic
  3737 | D:5      | Reached XP level 7. HP: 46/46 MP: 6/13
  3908 | D:5      | Found a stormy altar of Qazlal.
  3910 | D:5      | Found a snail-covered altar of Cheibriados.
  4166 | D:5      | Found a hide-covered altar of Uskayaw.
  4166 | D:5      | Found a burning altar of Makhleb.
  4167 | D:5      | Found a sacrificial altar of Ru.
  4279 | D:5      | Identified a scroll of acquirement
  4281 | D:5      | Acquired the +2 pair of boots of Refuge {+Blink Dex+4}
  4758 | D:6      | Reached skill level 5 in Spellcasting
  4783 | D:6      | Reached XP level 8. HP: 33/52 MP: 13/16
  5588 | D:6      | Reached skill level 6 in Spellcasting
  5798 | D:7      | Noticed diceflayer's ghost (novice DsHu)
  5804 | D:7      | Found a runed translucent gate.
  5804 | D:7      | Found a runed translucent gate.
  5831 | D:7      | Found a runed translucent gate.
  5852 | D:7      | Found an ornate altar of the Wu Jian Council.
  6252 | D:7      | Found Usuoh's Weapon Emporium.
  6267 | D:7      | Reached XP level 9. HP: 58/58 MP: 16/19
  6311 | D:7      | Reached skill level 7 in Spellcasting
  7161 | D:8      | Noticed a cyclops
  7170 | D:8      | Killed a cyclops
  7171 | D:8      | Reached skill level 5 in Conjurations
  7186 | D:8      | Found a basalt altar of Yredelemnul.
  7423 | D:8      | Reached * piety under Vehumet
  7423 | D:8      | Offered knowledge of Shock by Vehumet.
  7667 | D:8      | Reached skill level 8 in Spellcasting
  7968 | D:8      | Learned a level 1 spell: Shock
  8141 | D:8      | Learned a level 4 spell: Olgreb's Toxic Radiance
  8258 | D:9      | Gained mutation: Your touch may inflict minor irresistible
                  | damage on your foes. [demonic ancestry]
  8258 | D:9      | Reached XP level 10. HP: 55/64 MP: 16/22
  8262 | D:9      | Offered knowledge of Poisonous Vapours by Vehumet.
  8263 | D:9      | Reached ** piety under Vehumet
  8264 | D:9      | Reached skill level 1 in Poison Magic
  8368 | D:9      | Found a staircase to the Orcish Mines.
  8706 | D:9      | Noticed Maurice
  8710 | D:9      | Killed Maurice
  8781 | D:9      | Reached skill level 9 in Spellcasting
  8920 | D:9      | Noticed a two-headed ogre
  8933 | D:9      | Killed a two-headed ogre
  8957 | D:9      | Noticed Erolcha
  8965 | D:9      | Killed Erolcha
  8966 | D:9      | Reached skill level 1 in Fighting
  9151 | D:9      | Noticed Erica
  9160 | D:9      | Killed Erica
  9258 | D:10     | Entered Level 10 of the Dungeon
  9263 | D:10     | Gained mutation: When hurt, damage is shared between your
                  | health and your magic reserves. [demonic ancestry]
  9263 | D:10     | Reached XP level 11. HP: 66/70 MP: 19/24
  9404 | D:10     | Offered knowledge of Mephitic Cloud by Vehumet.
  9521 | D:10     | Reached skill level 10 in Spellcasting
  9567 | D:10     | Found a staircase to the Lair.
 10062 | D:10     | Reached *** piety under Vehumet
 10320 | D:11     | Noticed Harold
 10781 | D:11     | Noticed Gastronok
 10815 | D:11     | Killed Gastronok
 10816 | D:11     | Reached skill level 10 in Fire Magic
 10881 | D:11     | Reached skill level 5 in Poison Magic
 11191 | Lair:1   | Entered Level 1 of the Lair of Beasts
 11203 | Lair:1   | Identified the +8 mace "Gidief" {vorpal, *Rage rPois Will-
                  | Dex+8}
 11435 | Lair:1   | Reached skill level 11 in Spellcasting
 11509 | Lair:1   | Offered knowledge of Fulminant Prism by Vehumet.
 11997 | Lair:1   | Reached XP level 12. HP: 72/77 MP: 22/27
 12659 | Lair:2   | Reached skill level 12 in Spellcasting
 13602 | Lair:2   | Learned a level 3 spell: Ignite Poison
 13706 | Lair:3   | Found a staircase to the Snake Pit.
 13756 | Lair:3   | Reached **** piety under Vehumet
 13777 | Lair:3   | Offered knowledge of Stone Arrow by Vehumet.
 13778 | Lair:3   | Reached skill level 13 in Spellcasting
 13819 | Lair:3   | Reached skill level 1 in Transmutations
 13891 | Lair:3   | Learned a level 3 spell: Stone Arrow
 13975 | Lair:3   | Gained mutation: You are surrounded by a strong repulsion
                  | field. (EV +4, RMsl) [demonic ancestry]
 13975 | Lair:3   | Reached XP level 13. HP: 82/82 MP: 24/30
 14134 | Lair:3   | Found a staircase to the Shoals.
 14595 | Lair:3   | Noticed Kirke
 14598 | Lair:3   | Reached ***** piety under Vehumet
 14598 | Lair:3   | Offered knowledge of Eringya's Noxious Bog by Vehumet.
 14600 | Lair:3   | Killed Kirke
 14629 | Lair:3   | Reached skill level 14 in Spellcasting
 15474 | Lair:4   | Found a runed translucent door.
 15475 | Lair:4   | Found a staircase to the Slime Pits.
 15475 | Lair:4   | Noticed an acid blob
 15798 | Lair:4   | Reached XP level 14. HP: 77/88 MP: 27/32
 15811 | Lair:4   | Reached skill level 15 in Spellcasting
 15845 | Lair:4   | Found a runed translucent gate.
 15845 | Lair:4   | Found a runed translucent gate.
 15848 | Lair:4   | Found a runed translucent gate.
 15873 | Lair:4   | Identified the +6 battleaxe "Embalmer" {holy, rN+ rCorr}
 15980 | Lair:4   | Found the +6 lightning scales {swift, rElec}
 16442 | Lair:4   | Noticed gargbit's ghost (journeyman OpAE)
 16726 | Lair:4   | Acquired 523 gold pieces
 16751 | Lair:5   | Entered Level 5 of the Lair of Beasts
 17289 | Lair:5   | Found an iron altar of Okawaru.
 17606 | Lair:5   | Reached skill level 10 in Poison Magic
 17613 | Lair:5   | Offered knowledge of Orb of Destruction by Vehumet.
 17703 | Lair:5   | Identified the ring "Remupl Worue" {Ice Drain rElec rN+++
                  | Dex-2}
 18280 | Orc:1    | Entered Level 1 of the Orcish Mines
 18392 | Orc:1    | Found the +10 tower shield of Ignorance {rN+ Int-4}
 18399 | Orc:1    | Found a runed translucent door.
 18606 | Orc:1    | Found a runed translucent door.
 18804 | Orc:2    | Entered Level 2 of the Orcish Mines
 18851 | Orc:2    | Found a staircase to the Elven Halls.
 19342 | Orc:2    | Reached skill level 16 in Spellcasting
 19343 | Orc:2    | Reached XP level 15. HP: 74/93 MP: 35/35
 19462 | Orc:2    | Found Lolun's Jewellery Shoppe.
 19462 | Orc:2    | Found Rymodem's Armour Shop.
 19464 | Orc:2    | Found Ibrymus's Weapon Shoppe.
 19464 | Orc:2    | Found Buyhiazu's Book Shop.
 20899 | D:12     | Reached skill level 1 in Earth Magic
 21478 | Orc:2    | Bought a book of Armaments for 432 gold pieces
 21618 | D:13     | Noticed Josephine
 21623 | D:13     | Killed Josephine
 21727 | D:13     | Noticed Sonja
 21730 | D:13     | Killed Sonja
 21731 | D:13     | Reached skill level 5 in Transmutations
 21844 | D:13     | Noticed Nessos
 21849 | D:13     | Killed Nessos
 21851 | D:13     | Noticed Urug
 21861 | D:13     | Killed Urug
 21862 | D:13     | Identified the +10 sling of Might {speed, rCorr Dex+2
                  | Stlth+}
 22069 | D:13     | Found a gate to the Vaults.
 22431 | D:13     | Killed Harold
 22757 | D:14     | Offered knowledge of Fireball by Vehumet.
 23076 | D:14     | Learned a level 5 spell: Fireball
 23100 | D:15     | Entered Level 15 of the Dungeon
 23289 | D:15     | Found a broken altar of Ashenzari.
 23487 | D:15     | Reached skill level 17 in Spellcasting
 23513 | D:15     | Found a staircase to the Depths.
 23692 | D:15     | Gained mutation: Your touch may inflict irresistible damage
                  | on your foes. [demonic ancestry]
 23692 | D:15     | Reached XP level 16. HP: 80/100 MP: 16/37
 24455 | D:7      | Killed diceflayer's ghost
 25154 | Snake:1  | Entered Level 1 of the Snake Pit
 25296 | Snake:1  | Reached skill level 5 in Earth Magic
 25466 | Snake:1  | Noticed Jorgrun
 25482 | Snake:1  | Killed from afar by Jorgrun

Illustrated notes

Levels and vault maps discovered:
D:1:      sevenhm_arrival_forest_fort_small_6, layout_basic,
          reono_crystal_passage, dk_noncrumbling_3
D:2:      layout_loops_ring, minmay_misc_feat_tiny, serial_bayou_lagoon_b,
          uniq_terence
D:3:      layout_basic
D:4:      layout_loops_ring, minmay_misc_feat_doors
D:5:      layout_cave_pods, nicolae_overflow_hidden_temple,
          minmay_temple_entry_stoned_glass
D:6:      nicolae_cairo_tiling_large_dashed, layout_layer_cave,
          minmay_crystal_room, dreamdust_princess_bridge
D:7:      layout_gridville, nzn_wu_jian_contemplation, lemuel_round_altar,
          serial_shops, nicolae_shop_statue_plus, gammafunk_ghost_split,
          kb_lookout_dungeons_type
D:8:      layout_basic, mainiacjoe_overflow_chevrons, minivault_1,
          minmay_increasing_density
D:9:      layout_roguey, erik_orc_3, uniq_maurice, uniq_erolcha, uniq_erica
D:10:     layout_irregular_city, dpeg_oklobed_lair
D:11:     layout_roguey, minmay_holes, uniq_harold, uniq_gastronok
D:12:     layout_layer_cave, chequers_serial_rivers_micro_b, serial_bayou_pond_a
D:13:     layout_rooms, david_vaults_3, hex_intersection, grunt_ministairs_7,
          st_stairs_14, serial_bayou_crossing, uniq_sonja, uniq_josephine
D:14:     layout_basic, hangedman_decor_riveting, minmay_between
D:15:     gammafunk_depths_entry_grave, layout_loops_ring,
          cheibrodos_ashenzari_chains, serial_undead, serial_undead_d,
          serial_undead_e, serial_undead_e, serial_undead_a, serial_undead_a,
          serial_undead_f
Temple:   compressed_dpeg_circular_temple
Lair:1:   layout_gridlike, infiniplex_staircase_pool
Lair:2:   layout_regular_city, minmay_hedge_maze, st_stairs_7,
          grunt_forest_small_clearings, wad_woods_road_06, grunt_megastairs_1
Lair:3:   layout_cave_pods, shoals_dummy_entry,
          minmay_snake_entry_six_corridors, uniq_nessos, uniq_kirke
Lair:4:   layout_layer_cave, slime_entry_2, gammafunk_ghost_icy,
          nicolae_lair_lil_pond, serial_bayou_shore_a
Lair:5:   evilmike_catoblepas_cave, layout_long_grid, basic_altar
Snake:1:  onia_ninara_swampy_vault, layout_gridlike, grunt_megastairs_2,
          uniq_jorgrun
Orc:1:    layout_caves, chequers_guarded_unrand_ignorance
Orc:2:    grunt_orc_tribal_feast, layout_caves, basic_altar,
          nicolae_orc_pool_cavern

Skill      XL: |  1  2  3  4  5  6  7  8  9 10 11 12 13 14 15 16 |
---------------+-------------------------------------------------+-----
Fire Magic     | 3 4 5 6 8 9 10 11 12 13 | 13.8
Dodging        | 2 3 4 |  4.4
Spellcasting   | 3 4 5 6 8 9 11 13 14 16 17 | 17.3
Conjurations   | 2 3 4 5 6 7 8 |  8.8
Armour         | 1 2 3 4 |  4.2
Poison Magic   | 3 5 6 8 10 11 | 11.6
Fighting       | 1 |  1.7
Transmutations | 1 3 4 5 |  5.5
Earth Magic    | 4 5 |  5.0
Staves         | |  0.5
Stealth        | |  1.7

Action                   |  1- 3 |  4- 6 |  7- 9 | 10-12 | 13-15 | 16-18 || total
-------------------------+-------+-------+-------+-------+-------+-------++-------
Melee: Staff             |    19 |     6 |    25 |    14 |    15 |     3 ||    82
       Touch             |       |       |       |     6 |     1 |     1 ||     8
 Cast: Foxfire           |    37 |    78 |   145 |   264 |   150 |    31 ||   705
       Scorch            |     1 |    11 |    57 |    95 |    65 |    13 ||   242
       Flame Wave        |       |       |     7 |    29 |    34 |     4 ||    74
       Conjure Flame     |       |       |       |     6 |       |       ||     6
       Olgreb's Toxic Ra |       |       |       |    44 |   141 |    14 ||   199
       Ignite Poison     |       |       |       |    21 |   172 |    19 ||   212
       Stone Arrow       |       |       |       |       |    68 |    13 ||    81
       Fireball          |       |       |       |       |     2 |    11 ||    13
  Use: Scroll            |       |       |    19 |     9 |     6 |     1 ||    35
       Potion            |       |       |       |       |       |     3 ||     3
Armor: Robe              |    11 |       |       |       |       |       ||    11
       Leather armour    |       |       |    24 |    40 |    91 |    14 ||   169
       Steam dragon scal |       |       |       |       |       |    25 ||    25
Dodge: Dodged            |    30 |     4 |    58 |    82 |   171 |    61 ||   406
       Repelled          |       |       |       |       |     4 |     1 ||     5
